Map: Prion Terraces

Players

lesha - Winner!

  • Race: Terran Terran

A.I. 1 (Elite)

  • Race: Terran Terran

VOD

Have the link to the VOD?

Description

Time

  • Played on: Dec. 5, 2015, 8:54 a.m.
  • Length: 14:16
Show
View Real Time Build Order
Export as new Build Order

lesha Terran - Winner!

Build Orders:  

Get SALT Encoding   

  12  0:01  SCV  
  13  0:13  SCV  
  14  0:22  Supply Depot  
  14  0:25  SCV  
  15  0:44  SCV  
  15  0:46  Barracks  
  16  0:56  SCV  
  17  1:08  SCV  
  18  1:20  SCV  
  19  1:25  Command Center  
  19  1:30  Refinery  
  19  1:35  Orbital Command  
  19  1:50  Marine  
  20  1:58  Refinery  
  20  2:01  SCV  
  21  2:08  Marine  
  22  2:13  SCV  
  22  2:25  SCV, Supply Depot  
  23  2:31  Barracks  
  23  2:35  Barracks  
  23  2:40  SCV  
  23  2:43  Bunker  
  24  2:44  Orbital Command  
  24  2:52  SCV  
  25  3:05  SCV  
  26  3:10  Factory  
  26  3:12  SCV  
  27  3:17  SCV  
  28  3:26  Marine  
  28  3:27  Marine  
  30  3:32  Barracks Tech Lab  
  30  3:42  SCV x2  
  30  3:44  Marine  
  33  3:52  Bunker  
  33  3:54  SCV x2  
  35  3:58  Marauder  
  35  4:00  Factory Tech Lab  
  35  4:02  Marine  
  38  4:03  Barracks Reactor  
  38  4:06  SCV x2  
  40  4:19  Marine x2  
  42  4:28  Supply Depot x2  
  42  4:29  Starport  
  42  4:32  Siege Tank  
  42  4:37  Supply Depot  
  42  4:38  Marine  
  46  4:49  SCV x2, Marine x2  
  52  5:01  SCV  
  52  5:02  SCV  
  52  5:03  Refinery  
  52  5:05  Refinery  
  53  5:09  Marine x2  
  53  5:11  Marauder  
  56  5:18  Medivac  
  56  5:19  Siege Tank  
  61  5:29  SCV x2  
  63  5:41  SCV x2  
  65  5:47  Barracks Reactor, Supply Depot  
  65  5:48  Marine  
  65  5:49  Supply Depot  
  68  5:51  Supply Depot, Marine  
  68  5:53  SCV, Marauder  
  70  6:08  Marine  
  70  6:09  SCV, Siege Tank, Marine  
  76  6:14  Marauder  
  78  6:25  Stimpack  
  80  6:26  Starport Reactor  
  80  6:32  SCV  
  79  6:35  SCV  
  80  6:41  Command Center  
  80  6:44  SCV  
  82  6:47  SCV  
  82  6:49  Barracks x2  
  82  6:52  Barracks  
  82  6:53  Engineering Bay  
  82  6:54  Supply Depot x2  
  82  6:55  Marine x3  
  82  6:56  Supply Depot, Marine  
  82  6:57  Engineering Bay, Marauder  
  82  6:58  Supply Depot  
  88  7:13  Marine x4  
  92  7:18  Marauder  
  97  7:22  Siege Tank  
  97  7:27  Terran Infantry Weapons Level 1  
  97  7:28  Terran Infantry Armor Level 1  
  97  7:31  Marine x3  
  100  7:48  Marine  
  100  7:50  Barracks Reactor x2  
  101  7:51  Barracks Tech Lab  
  101  7:56  Medivac x2  
  101  7:58  Marine x2  
  105  7:59  Marine x2  
  109  8:06  Marine  
  109  8:11  Supply Depot  
  109  8:12  Supply Depot  
  110  8:13  Armory, Supply Depot  
  110  8:16  Marine  
  110  8:17  Marauder  
  113  8:39  Marauder  
  115  8:45  Marine x6  
  115  8:46  Marine x3  
  124  9:00  Orbital Command  
  124  9:01  SCV x2  
  126  9:04  Marine x5  
  126  9:05  Marine  
  126  9:06  Medivac x2  
  126  9:08  Marine, Marauder x2  
  126  9:09  Marine  
  142  9:13  SCV x2  
  144  9:22  Marine x2  
  146  9:25  SCV  
  146  9:29  Terran Infantry Weapons Level 2, Marauder x2  
  146  9:30  Terran Infantry Armor Level 2  
  151  9:37  Command Center  
  151  9:39  Marine x2  
  151  9:40  Marine x5  
  158  9:50  Marauder  
  160  9:54  Supply Depot  
  160  9:56  Supply Depot  
  160  9:58  Medivac x2  
  164  10:00  Supply Depot  
  162  10:19  Supply Depot  
  152  10:28  Marine x6  
  154  10:29  Marine  
  142  10:47  SCV x3  
  145  10:59  SCV x3  
  145  11:01  Marine  
  145  11:02  Marine x4  
  145  11:03  Marauder x2  
  145  11:04  Marine x3  
  158  11:05  Medivac x2  
  158  11:11  SCV  
  165  11:12  Combat Shields  
  165  11:19  Marine x2  
  165  11:24  Marauder x2  
  171  11:35  Medivac x2  
  171  11:39  Marine x4  
  178  11:40  Marine x3  
  178  11:46  Marauder x2  
  186  11:48  Marine  
  187  11:57  Marine x6  
  187  11:58  Marine  
  194  12:05  Medivac x2  
  194  12:07  Marauder  
  174  12:31  Concussive Shells  
  174  12:45  Marine  
  174  12:46  Marine x7  
  174  12:47  Marauder, Marine  
  174  12:49  Medivac x2  
  184  13:03  Marine x2  
  184  13:05  Marauder  
  188  13:09  Marauder  
  190  13:19  Medivac  
  192  13:26  Marauder  
  194  13:30  Marauder  
Show
View Real Time Build Order
Export as new Build Order

A.I. 1 (Elite) Terran 

Build Orders: Mech 

Get SALT Encoding   

  12  0:00  SCV  
  13  0:13  SCV  
  14  0:19  Supply Depot  
  14  0:25  SCV  
  15  0:41  SCV  
  16  0:43  Barracks  
  16  0:53  SCV  
  17  1:05  SCV  
  18  1:17  SCV, Supply Depot  
  19  1:22  Refinery  
  19  1:29  SCV  
  19  1:31  Marine  
  21  1:41  SCV  
  22  1:48  Marine  
  22  1:49  Refinery  
  22  1:53  SCV  
  24  2:05  SCV  
  24  2:06  Marine  
  26  2:18  SCV  
  26  2:21  Factory  
  27  2:24  Marine  
  28  2:30  SCV  
  29  2:41  Factory  
  29  2:42  SCV, Marine  
  29  2:43  Supply Depot  
  31  2:55  Orbital Command  
  31  3:04  Marine  
  32  3:06  Factory Tech Lab  
  32  3:20  SCV  
  32  3:22  Marine  
  32  3:24  Command Center  
  32  3:25  Factory Tech Lab  
  34  3:32  SCV  
  35  3:44  SCV  
  36  3:56  SCV  
  37  4:02  Barracks  
  37  4:08  SCV  
  38  4:11  Supply Depot  
  38  4:21  SCV  
  39  4:32  Siege Tank  
  39  4:33  SCV, Siege Tank  
  39  4:35  SCV, Marine  
  39  4:36  Supply Depot  
  48  4:45  SCV  
  49  4:47  Supply Depot, SCV  
  50  4:57  SCV  
  52  5:00  SCV, Barracks  
  52  5:05  Siege Tank x2  
  58  5:09  SCV  
  58  5:12  SCV  
  60  5:14  Supply Depot  
  60  5:20  Armory  
  60  5:21  SCV, Marine  
  60  5:24  SCV  
  63  5:33  SCV  
  64  5:36  SCV  
  64  5:37  Siege Tank  
  64  5:42  Supply Depot  
  68  5:43  Marine  
  68  5:45  SCV  
  68  5:47  Hellion  
  68  5:48  SCV  
  73  6:01  Orbital Command  
  73  6:03  Barracks Tech Lab  
  73  6:09  Hellion  
  73  6:10  Command Center, Terran Vehicle Weapons Level 1  
  75  6:17  Hellion  
  77  6:30  Hellion  
  77  6:31  Armory  
  79  6:38  Factory  
  79  6:48  Hellion  
  79  6:52  Hellion  
  83  7:00  Supply Depot  
  83  7:09  Siege Tank  
  86  7:18  Terran Vehicle And Ship Armor Level 1  
  86  7:26  Infernal Pre-Igniter  
  86  7:32  Marauder  
  86  7:34  Refinery, Orbital Command  
  88  7:37  Engineering Bay  
  88  7:42  Command Center  
  88  7:53  Marauder  
  90  8:00  Refinery  
  90  8:04  Terran Infantry Weapons Level 1  
  90  8:05  Missile Turret  
  90  8:06  Missile Turret  
  90  8:10  Engineering Bay  
  90  8:15  Marauder  
  92  8:33  Hellion  
  94  8:35  Terran Infantry Armor Level 1  
  94  8:36  Marauder  
  94  8:37  Hellion  
  94  8:39  Marine  
  94  8:40  Marine  
  100  8:41  Stimpack  
  100  8:54  SCV  
  100  8:55  SCV x3  
  104  9:01  Refinery  
  104  9:06  SCV  
  104  9:07  SCV x2  
  104  9:08  SCV  
  107  9:12  Command Center  
  107  9:18  SCV  
  107  9:19  SCV, Planetary Fortress  
  107  9:20  SCV  
  110  9:26  Terran Vehicle Weapons Level 2  
  110  9:30  SCV  
  111  9:31  SCV  
  111  9:32  Missile Turret  
  111  9:33  SCV  
  113  9:38  Missile Turret  
  113  9:41  Cyclone  
  116  9:46  Cyclone  
  116  9:50  Supply Depot, Widow Mine  
  121  9:58  Starport  
  121  10:06  Missile Turret  
  121  10:13  Widow Mine  
  123  10:15  Barracks  
  123  10:17  Marauder  
  123  10:18  Supply Depot, Widow Mine  
  123  10:19  Marine x2  
  115  10:23  Hellion  
  115  10:27  SCV  
  96  10:29  SCV  
  96  10:30  SCV  
  96  10:32  SCV x2  
  96  10:34  Medivac  
  93  10:36  Marine  
  93  10:37  Marine  
  93  10:39  Marauder  
  93  10:40  SCV  
  93  10:41  SCV  
  93  10:42  Combat Shields, Siege Tank  
  93  10:45  SCV, Hellion  
  93  10:47  SCV x2, Siege Tank  
  101  10:52  SCV  
  101  10:54  Marine  
  101  10:55  Marine  
  104  10:59  SCV, Marine  
  104  11:01  Marine  
  106  11:06  Hellion  
  106  11:08  Refinery  
  108  11:12  Viking, Marine x2  
  108  11:14  Siege Tank  
  108  11:18  Marauder  
  117  11:19  Siege Tank, Marine  
  117  11:21  Refinery  
  117  11:23  Refinery  
  121  11:27  Hellion  
  121  11:30  Marine x2  
  125  11:34  Supply Depot  
  125  11:37  Marine  
  125  11:39  Marauder  
  128  11:42  Viking  
  128  11:46  Siege Tank  
  133  11:48  Marine x2  
  133  11:49  Hellion  
  133  11:51  Siege Tank  
  140  11:55  Marine  
  140  11:57  Command Center  
  140  12:00  Supply Depot, Marine  
  142  12:05  Marine  
  142  12:06  Marine  
  144  12:10  Hellion, Missile Turret  
  144  12:12  Viking  
  144  12:13  Marine  
  95  12:17  Missile Turret  
  95  12:18  SCV x2, Siege Tank, Marauder  
  95  12:22  SCV  
  94  12:23  Hellion, Marine  
  94  12:24  Marine  
  85  12:30  Marine  
  85  12:31  SCV  
  85  12:34  SCV  
  85  12:36  SCV  
  76  12:37  SCV  
  76  12:39  Marine  
  76  12:42  Viking  
  76  12:43  SCV, Hellion  
  79  12:44  Siege Tank  
  79  12:45  Marine  
  79  12:46  SCV  
  79  12:47  Marine  
  79  12:50  Siege Tank  
  84  12:51  SCV  
  84  12:53  Marine  
  71  13:04  Hellion  
  56  13:12  Viking  
  47  13:17  Marine x2  
  42  13:25  Marine  
  42  13:26  SCV, Marine  
  39  13:35  Marauder  
  39  13:38  Marine  
  34  13:50  Marine x2  
  26  13:58  SCV, Marine  
Tags
 
Composition
Mech
Matchup
TvT
Race
Terran
Add a new tag
Caveats
  • Supply blocks, unpowered buildings, or Contaminate may cause inaccurate times.
  • Supply counts are checked every 10 seconds.